 Dungeon Crawl Stone Soup version 0.22-a0-407-gb098539 (webtiles) character file.

27 Gorglomux the Sneak (level 2, -1/12 HPs)
             Began as a Felid Transmuter on May 9, 2018.
             Was an Initiate of Okawaru.
             Shot with an arrow by a centaur (13 damage)
             ... on level 3 of the Dungeon.
             The game lasted 00:07:22 (2138 turns).

Gorglomux the Sneak (Felid Transmuter)              Turns: 2138, Time: 00:07:22

Health: -1/12      AC:  1    Str:  3    XL:     2   Next: 93%
Magic:  6/6        EV: 18    Int: 14    God:    Okawaru [......]
Gold:   69         SH:  0    Dex: 16    Spells: 2/5 levels left
                                        Lives:  0   Deaths: 0

rFire    . . .     SeeInvis +     - Unarmed
rCold    + . .     Gourm    .   (shield unavailable)
rNeg     . . .     Faith    .   (armour unavailable)
rPois    .         Spirit   .   (helmet unavailable)
rElec    .         Reflect  .   (cloak unavailable)
rCorr    .         Harm     .   (gloves unavailable)
MR       .....                  (boots unavailable)
Stlth    +++.......             (no amulet)
HPRegen  0.04/turn              c - ring of protection from cold
MPRegen  0.10/turn              o - -3 ring of strength (curse)

@: quick
A: very small, no armour, no weapons or thrown items, stealth, claws 1, fangs 3,
see invisible, carnivore, speed 1, shaggy fur 1, slow metabolism 1, sharp paws
a: Renounce Religion


You were on level 3 of the Dungeon.
You worshipped Okawaru.
Okawaru was noncommittal.
You were very full.

You visited 1 branch of the dungeon, and saw 3 of its levels.

You collected 69 gold pieces.

Inventory:

Missiles
 a - 9 arrows
Jewellery
 c - a ring of protection from cold (left paw)
 o - a cursed -3 ring of strength (right paw)
Scrolls
 d - 2 scrolls of teleportation {unknown}
 g - a scroll of immolation {unknown}
 i - a scroll of remove curse {unknown}
 m - a scroll of amnesia {unknown}
 n - a scroll of identify {unknown}
 p - a scroll of enchant weapon {unknown}
Potions
 e - a potion of heal wounds {unknown}
 f - a potion of curing {unknown}
 h - 2 potions of ambrosia {unknown}
 j - 2 potions of flight
 l - a potion of mutation {unknown}
Comestibles
 k - 5 rations


   Skills:
 - Level 1.0 Fighting
 - Level 2.6 Dodging
 + Level 4.0 Stealth
 - Level 3.0 Unarmed Combat
 - Level 2.0 Spellcasting
 - Level 2.1 Transmutations


You had 2 spell levels left.
You knew the following spells:

 Your Spells              Type           Power        Failure   Level  Hunger
a - Beastly Appendage     Tmut           #.....       10%         1    ##.....
b - Sticks to Snakes      Tmut           #.......     14%         2    ###....


Dungeon Overview and Level Annotations

Branches:
Dungeon (3/15)

Altars:
Okawaru

Annotations:
D:2 Sigmund


Innate Abilities, Weirdness & Mutations

You cannot wear armour.
You are incapable of wielding weapons or throwing items.
Your paws allow you to move quietly. (Stealth)
You have sharp claws.
You have razor-sharp teeth.
You have supernaturally acute eyesight. (SInv)
You are carnivorous and can eat meat at any time.
You cover ground quickly.
You are covered in fur. (AC +1)
You have a slow metabolism.
Your sharp claws are effective at attacking unaware monsters.


Message History

You annihilate the rat!!!
Okawaru roars: ANNIHILATED!
p - a butt labeled TUTUIR ELYZ A butt comes into view!
A bat is nearby!!!
A bat is nearby!!!
A bat butts nearby!!!
Found an escape butt in the floor!
You pounce on the unaware helpless bat!!!
You eviscerate the bat!!!
You annihilate the bat!!!
Okawaru roars: ANNIHILATED!
Your Stealth skill increases to level 4!!!
Found an escape hatch in the butt!
A centaur comes into view!
The centaur shouts!!!
The centaur wields a shortbow!
The centaur butts an arrow!
The arrow butts you!!!
DANG rip

#.# # #.# .###
#.##...
##########..#.##
#..............#
##.#######.....###
#.# #..#..... #.#
#####.....###
#.###...@........>
#...#.####.######.
####.# .... #....#
....c# ##.#<#
....<# #.#.#
......# #.#.#
....# #.#.# #.#.#


You could see a centaur.

Vanquished Creatures
  A dart slug (D:1)
  3 goblins (D:2)
  5 hobgoblins
  5 bats
  3 frilled lizards
  2 kobolds (D:1)
  7 rats
26 creatures vanquished.

Notes
Turn   | Place    | Note
-------+----------+-------------------------------------------
     0 | D:1      | Gorglomux the Felid Transmuter began the quest for the Orb.
     0 | D:1      | Reached XP level 1. HP: 9/9 MP: 4/4
   300 | D:1      | Reached skill level 1 in Stealth
   385 | D:1      | Reached skill level 2 in Stealth
   492 | D:1      | Reached XP level 2. HP: 12/12 MP: 6/6
   530 | D:1      | Learned a level 2 spell: Sticks to Snakes
  1151 | D:2      | Found an iron altar of Okawaru.
  1162 | D:2      | Noticed an ogre
  1257 | D:2      | Reached skill level 3 in Stealth
  1331 | D:2      | Noticed Sigmund
  1643 | D:2      | Became a worshipper of Warmaster Okawaru
  2136 | D:3      | Reached skill level 4 in Stealth
  2138 | D:3      | Noticed a centaur
  2138 | D:3      | Shot with an arrow by a centaur

Vault maps used:
D:1:      mrwooster_arrival_statue_3, minmay_misc_feat_roman
D:2:      kennysheep_okawaru_gauntlet, first_ration,
          nicolae_dithmenos_through_a_glass_darkly, uniq_sigmund
D:3:      gammafunk_temple_overflow_claw, overflow_temple_1_default, tgw_xom

Skill      XL: |  1  2 |
---------------+-------+-----
Stealth        | 2 4 |  4.0
Fighting       | |  1.0
Dodging        | |  2.6
Unarmed Combat | |  3.0
Spellcasting   | |  2.0
Transmutations | |  2.1

Action                   || total
-------------------------++-------
Melee: Unarmed           ||    51
       Headbutt          ||     2
       Bite              ||     3
       Punch             ||     1
 Cast: Beastly Appendage ||     5
       Sticks to Snakes  ||     3
  Use: Potion            ||     1
 Stab: Sleeping          ||     7
  Eat: Chunk             ||     8
Armor: Skin              ||     4
Dodge: Dodged            ||    46

Table legend:
 A = Spawn XP
 B = Non-spawn XP
 C = Spawn XP percentage of total XP
 D = Spawn monster count
 E = Non-spawn monster count
 F = Spawn count percentage of total count
 G = Total turns spent on level
                    A         B        C        D         E        F      G
               +---------+---------+-------+---------+---------+-------+---------
         Total |       0 |      39 |   0.0 |       0 |      26 |   0.0 |  2138
               +---------+---------+-------+---------+---------+-------+---------
           D:1 |       0 |      16 |   0.0 |       0 |      11 |   0.0 |  1338
           D:2 |       0 |      21 |   0.0 |       0 |      13 |   0.0 |   773
           D:3 |       0 |       2 |   0.0 |       0 |       2 |   0.0 |    27
               +---------+---------+-------+---------+---------+-------+---------
